 Dungeon Crawl Stone Soup version 0.27-a0-972-gd1521fd518 (webtiles) character file.

Game seed: 4389318694239029671

301 Morbidden the Magician (level 6, -2/43 HPs)
             Began as a Djinni Air Elementalist on Apr 14, 2021.
             Slain by a scorpion (5 damage)
             ... on level 4 of the Dungeon.
             The game lasted 00:05:19 (4797 turns).

Morbidden the Magician (Djinni Air Elementalist)    Turns: 4797, Time: 00:05:19

Health: -2/43      AC:  2    Str:  9    XL:     6   Next: 37%
Gold:   76         EV: 12    Int: 17    God:
                   SH:  0    Dex: 13

rFire    + + .     SeeInvis .   (no weapon)
rCold    x . .     Faith    .   (no shield)
rNeg     . . .     Spirit   .   a - +0 robe
rPois    ∞         Reflect  .   (no helmet)
rElec    .         Harm     .   (no cloak)
rCorr    .         Rampage  .   (no gloves)
Will     .....                  (boots unavailable)
Stlth    ++........             (no amulet)
HPRegen  0.14/turn              g - ring of wizardry
MPRegen  0.00/turn              (no ring)

@: flying
A: fire resistance 2, cold vulnerability 1, float, innate caster, hp casting,
extra vitality 1
a: no special abilities


You were on level 4 of the Dungeon.
You visited 1 branch of the dungeon, and saw 4 of its levels.

You collected 76 gold pieces.

Inventory:

Missiles
 c - 29 poisoned darts
 l - 2 datura-tipped darts (quivered)
Armour
 a - a +0 robe (worn)
Jewellery
 g - a ring of wizardry (left hand)
 j - a ring of positive energy
Scrolls
 e - 2 scrolls of fear {unknown}
 h - a scroll of identify {unknown}
 i - a scroll of immolation {unknown}
 k - a scroll of teleportation {unknown}
Potions
 b - a potion of lignification {unknown}
 d - 2 potions of might {unknown}
 f - a potion of mutation {unknown}


   Skills:
 * Level 1.9 Fighting
 + Level 0.4 Throwing
 + Level 2.3 Dodging
 + Level 2.4 Stealth
 * Level 5.1 Spellcasting


You couldn't memorise any spells.
You knew the following spells:

 Your Spells              Type           Power      Damage    Failure   Level
a - Shock                 Conj/Air       84%        1d8       1%          1
b - Airstrike             Air            10%        N/A       7%          4
c - Slow                  Hex            21%        N/A       1%          2
d - Swiftness             Air            21%        N/A       1%          2
e - Lightning Bolt        Conj/Air       10%        1d23      19%         5
f - Sting                 Tmut/Pois      84%        1d7       1%          1
z - Static Discharge      Conj/Air       21%        N/A       1%          3
Your spell library was empty.

Dungeon Overview and Level Annotations

Branches:
Dungeon (4/15)
 Temple: D:4-7

Altars:


Innate Abilities, Weirdness & Mutations

You are immune to poison.
Your flesh is very heat resistant. (rF++)
You are vulnerable to cold. (rC-)
You float through the air rather than walking.
You learn spells naturally, not from books.
Your magical power is your life essence.
You have superior vitality. (+4 HP)


Message History

Unknown command.
Casting: Shock (safe; 1% risk of failure)
Confirm with . or Enter, or press ? or * to list all spells.
The spell is quite dangerous to cast (7% risk of failure)!
Continue anyway? [Y]es or [N]o only, please.
The spell is quite dangerous to cast (7% risk of failure)!
Continue anyway?
Okay, then.
Casting: Airstrike (quite dangerous; 7% risk of failure)
Confirm with . or Enter, or press ? or * to list all spells.
Aiming: Shock (safe; 1% risk of failure)
Press: ? - help, Shift-Dir - straight line, f/p - scorpion
Aim: a scorpion (moderately wounded, 26% to evade)
The zap hits the scorpion but does no damage.
The scorpion is moderately wounded.
Unknown command.
Casting: Shock (safe; 1% risk of failure)
Confirm with . or Enter, or press ? or * to list all spells.
Aiming: Shock (safe; 1% risk of failure)
Press: ? - help, Shift-Dir - straight line, f/p - scorpion
Aim: a scorpion (moderately wounded, 26% to evade)
The zap misses the scorpion.
Casting: Shock (safe; 1% risk of failure)
Confirm with . or Enter, or press ? or * to list all spells.
The scorpion is struck by an arc of lightning.
The scorpion is heavily wounded.
You are struck by an arc of lightning.
The lightning grounds out.
The scorpion stings you!
* * * LOW HITPOINT WARNING * * *
Unknown command.
Unknown command.
Casting: Static Discharge (safe; 1% risk of failure)
Confirm with . or Enter, or press ? or * to list all spells.
The scorpion is struck by an arc of lightning.
The scorpion is severely wounded.
You are struck by an arc of lightning.
* * * LOW HITPOINT WARNING * * *
The lightning grounds out.
* * * LOW HITPOINT WARNING * * *
The scorpion stings you.
You die...

#########
#.......#
#.......# .
#....<..# ...
#>.......
.....##.).....#
....>(.@......#
...)<##s......#
(... ..(......
..g ##)..####.
.. #..## . #..#
...# ..##


You could see a scorpion.

Vanquished Creatures
  A wyvern (D:3)
  3 adders
  2 gnolls (D:4)
  4 worms
  A dart slug (D:2)
  An orc (D:4)
  5 bats
  7 endoplasms
  3 giant cockroaches
  2 goblins
  7 hobgoblins
  6 jackals
  A quokka (D:1)
  4 ball pythons
  5 frilled lizards
  6 kobolds
  5 rats
63 creatures vanquished.

Vanquished Creatures (collateral kills)
  3 gnolls (D:4)
3 creatures vanquished.

Vanquished Creatures (others)
  A gnoll shaman (D:4)
  An endoplasm (D:4)
  9 plants (D:2)
11 creatures vanquished.

Grand Total: 77 creatures vanquished

Notes
Turn   | Place    | Note
-------+----------+-------------------------------------------
     0 | D:1      | Morbidden the Djinni Air Elementalist began the quest for
                  | the Orb.
     0 | D:1      | Reached XP level 1. HP: 15/15 MP: 0/0
   250 | D:1      | Reached skill level 3 in Spellcasting
   269 | D:1      | Reached XP level 2. HP: 17/21 MP: 0/0
  1027 | D:2      | Reached XP level 3. HP: 19/26 MP: 0/0
  1027 | D:2      | Learned a level 1 spell: Sting
  2234 | D:2      | Reached XP level 4. HP: 28/31 MP: 0/0
  2733 | D:1      | Found a faded altar of an unknown god.
  3271 | D:3      | Noticed a wyvern
  3276 | D:3      | Killed a wyvern
  3277 | D:3      | Reached skill level 1 in Fighting
  3277 | D:3      | Reached skill level 4 in Spellcasting
  3277 | D:3      | Reached XP level 5. HP: 17/37 MP: 0/0
  3277 | D:3      | Learned a level 2 spell: Slow
  3812 | D:3      | Reached XP level 6. HP: 32/42 MP: 0/0
  4496 | D:4      | Reached skill level 5 in Spellcasting
  4797 | D:4      | Slain by a scorpion

Illustrated notes

Levels and vault maps discovered:
D:1:      minmay_arrival_hallway, layout_basic, shapermc_ecumenical_altar_venn,
          minmay_unequal
D:2:      layout_rooms, serial_bayou, serial_bayou_shore_a,
          serial_bayou_lagoon_a, serial_bayou_pond_c, serial_bayou_lagoon_b,
          serial_bayou_shore_b, serial_bayou_crossing,
          kennysheep_generic_room_10
D:3:      layout_loops_corners
D:4:      layout_rooms, minmay_temple_entry_ruins, ebering_ghost_disaster_area,
          hex_intersection, serial_bayou_pond_a

Skill      XL: |  1  2  3  4  5  6 |
---------------+-------------------+-----
Spellcasting   | 3 4 5 |  5.1
Stealth        | 2 |  2.4
Fighting       | 1 |  1.9
Throwing       | |  0.4
Dodging        | |  2.3

Action                   |  1- 3 |  4- 6 || total
-------------------------+-------+-------++-------
Throw: Dart              |     9 |     5 ||    14
 Cast: Shock             |    81 |    69 ||   150
       Airstrike         |       |     6 ||     6
       Static Discharge  |       |     7 ||     7
Armor: Robe              |     1 |     3 ||     4
Dodge: Dodged            |     9 |     6 ||    15

Table legend: (Time is in decaauts)
 A = Elapsed time spent in this place.
 B = Non-inter-level travel time spent in this place.
 C = Inter-level travel time spent in this place.
 D = Time resting spent in this place.
 E = Time spent auto-exploring this place.
 F = Levels seen in this place.
 G = Mean time per level.
                   A        B        C        D        E       F      G
               +--------+--------+--------+--------+--------+-----+--------+
         Total |   4797 |   4700 |     97 |    812 |   3516 |   4 | 1199.2 |
       Dungeon |   4797 |   4700 |     97 |    812 |   3516 |   4 | 1199.2 |
               +--------+--------+--------+--------+--------+-----+--------+

Top non-repeatable levels by time:
     D:2: 2002 daAuts
     D:3: 1758 daAuts
     D:1: 1014 daAuts
     D:4: 23 daAuts
